 Dungeon Crawl Stone Soup version 0.22-a0-417-g1387785 (webtiles) character file.

347 Collin1234 the Skirmisher (level 6, -3/38 HPs)
             Began as a Gargoyle Berserker on May 14, 2018.
             Was a Believer of Trog.
             Slain by a centaur (7 damage)
             ... on level 5 of the Dungeon.
             The game lasted 00:13:44 (4231 turns).

Collin1234 the Skirmisher (Gargoyle Berserker)      Turns: 4231, Time: 00:13:44

Health: -3/38      AC: 10    Str: 26    XL:     6   Next: 59%
Magic:  6/6        EV: 12    Int:  9    God:    Trog [**....]
Gold:   211        SH:  0    Dex:  9    Spells: 5/5 levels left

rFire    . . .     SeeInvis .   m - -3 morningstar
rCold    . . .     Gourm    .   (no shield)
rNeg     + . .     Faith    .   d - +1 leather armour
rPois    ∞         Spirit   .   (no helmet)
rElec    +         Reflect  .   (no cloak)
rCorr    .         Harm     .   b - +0 pair of gloves
MR       .....                  (no boots)
Stlth    +.........             (no amulet)
HPRegen  0.12/turn              (no ring)
MPRegen  0.10/turn              (no ring)

@: mighty
A: negative energy resistance 1, electricity resistance, unbreathing,
petrification resistance, rot immunity, AC +4
a: Berserk, Trog's Hand, Renounce Religion


You were on level 5 of the Dungeon.
You worshipped Trog.
Trog was pleased with you.
You were not hungry.

You visited 1 branch of the dungeon, and saw 5 of its levels.

You collected 211 gold pieces.

Inventory:

Hand Weapons
 a - a +0 hand axe
 m - a -3 morningstar (weapon)
Missiles
 f - 8 poisoned javelins (quivered)
 l - 54 stones
Armour
 b - a +0 pair of gloves (worn)
 d - a +1 leather armour (worn)
Scrolls
 e - 2 scrolls of teleportation
 k - 2 scrolls of identify
 o - a scroll of remove curse
 p - 2 scrolls of amnesia {unknown}
 q - a scroll of magic mapping {unknown}
Potions
 g - a potion of magic
 h - a potion of brilliance
 i - 2 potions of lignification
 j - 2 potions of curing
 n - a potion of might
Comestibles
 c - 6 rations


   Skills:
 + Level 4.1 Fighting
 + Level 3.6(4.0) Axes
 + Level 2.4(3.5) Maces & Flails
 + Level 3.5 Armour
 + Level 3.2 Dodging
 + Level 1.2 Stealth


You had 5 spell levels left.
You didn't know any spells.
Your spell library was empty.

Dungeon Overview and Level Annotations

Branches:
Dungeon (5/15)             Temple (0/1) D:5

Altars:
Cheibriados
Fedhas
Hepliaklqana
Kikubaaqudgha
Makhleb
Qazlal
Vehumet


Innate Abilities, Weirdness & Mutations

You are resistant to torment.
Your stone body is resilient. (AC +4)
You are immune to poison.
You resist negative energy. (rN+)
You are resistant to electric shocks. (rElec)
You can survive without breathing.
You are immune to petrification.
You are immune to rotting.


Message History

The centaur misses you. The quokka closely misses you.
The centaur closely misses you. The quokka misses you. The centaur hits you.
* * * LOW HITPOINT WARNING * * *
You hit the centaur but do no damage.
The centaur hits you but does no damage.
The quokka bites you but does no damage.
The quokka barely misses you.
The centaur hits you but does no damage.
You bludgeon the centaur!!
The centaur is almost dead.
The centaur hits you.
* * * LOW HITPOINT WARNING * * *
The quokka twitches its whiskers.
The quokka closely misses you. The centaur misses you.
The quokka barely misses you.
You barely miss the centaur.
The centaur is almost dead.
The centaur hits you!
You die...

###..........
##+####........./..
####..................
..........!..(........
......................
............(.........
....###'###(#######...
. #.............# .
#.....r@c.....#
#...##..##.####.
#...##.........
#........#...#.
#........#.⌠.# .#
#......###...###.#
#................#
#.......⌠..>..⌠..#
#.................#


You could see a centaur and a quokka.

Vanquished Creatures
  A crimson imp (D:4)
  A hound (D:3)
  A bullfrog skeleton (D:5)
  An orc priest (D:4)
  A centaur skeleton (D:4)
  A worker ant (D:4)
  A hound skeleton (D:4)
  5 adders
  A shadow imp (D:5)
  A worm (D:4)
  3 dart slugs
  2 leopard geckos (D:3)
  12 orcs
  4 ball pythons
  4 giant cockroaches
  11 goblins
  8 hobgoblins
  A quokka (D:2)
  12 bats
  4 frilled lizards
  5 kobolds
  3 rats
83 creatures vanquished.

Notes
Turn   | Place    | Note
-------+----------+-------------------------------------------
     0 | D:1      | Collin1234 the Gargoyle Berserker began the quest for the Orb.
     0 | D:1      | Reached XP level 1. HP: 14/14 MP: 1/1
   286 | D:1      | Reached XP level 2. HP: 10/19 MP: 2/2
   983 | D:1      | Reached XP level 3. HP: 15/23 MP: 3/3
  1649 | D:2      | Found a radiant altar of Vehumet.
  1888 | D:2      | Reached XP level 4. HP: 29/29 MP: 4/4
  1907 | D:2      | Reached ** piety under Trog
  2258 | D:2      | You fall through a shaft!
  2262 | D:3      | Reached skill level 1 in Stealth
  2501 | D:3      | Found a burning altar of Makhleb.
  2514 | D:3      | Reached XP level 5. HP: 20/33 MP: 5/5
  2623 | D:3      | Found an ancient bone altar of Kikubaaqudgha.
  2663 | D:3      | Found a snail-covered altar of Cheibriados.
  2771 | D:3      | Found a blossoming altar of Fedhas.
  2784 | D:3      | Found a stormy altar of Qazlal.
  3452 | D:4      | Reached skill level 1 in Maces & Flails
  3634 | D:4      | Reached XP level 6. HP: 36/38 MP: 6/6
  3984 | D:4      | Found a hazy altar of Hepliaklqana.
  4149 | D:5      | Entered Level 5 of the Dungeon
  4150 | D:5      | Found a staircase to the Ecumenical Temple.
  4189 | D:5      | Reached skill level 4 in Fighting
  4231 | D:5      | Slain by a centaur

Vault maps used:
D:1:      matt_arrival_diagonals
D:2:      lemuel_round_altar
D:3:      grunt_temple_overflow_forces_of_nature, marbit_many_paths,
          kennysheep_slug_shrine, makhleb_heckhound_becter
D:4:      kennysheep_little_box, first_ration
D:5:      lemuel_coloured_pillars_altar, tgw_trog,
          nicolae_overflow_crystal_walls, nemelex_xobeh_ov_fountains_minmay,
          minmay_temple_entry_junction_2, kennysheep_small_circle

Skill      XL: |  1  2  3  4  5  6 |
---------------+-------------------+-----
Axes           | 3 |  3.6
Dodging        | 2 3 |  3.2
Stealth        | 1 |  1.2
Armour         | 3 |  3.5
Maces & Flails | 1 2 |  2.4
Fighting       | 4 |  4.1

Action                   |  1- 3 |  4- 6 || total
-------------------------+-------+-------++-------
Melee: Hand axe          |   130 |    73 ||   203
       Morningstar       |       |   113 ||   113
Throw: Javelin           |       |     5 ||     5
  Use: Scroll            |     5 |     6 ||    11
       Potion            |       |     1 ||     1
  Eat: Chunk             |     2 |       ||     2
       Ration            |     1 |     2 ||     3
Armor: Leather armour    |   115 |   158 ||   273
Dodge: Dodged            |   180 |   238 ||   418

Table legend:
 A = Spawn XP
 B = Non-spawn XP
 C = Spawn XP percentage of total XP
 D = Spawn monster count
 E = Non-spawn monster count
 F = Spawn count percentage of total count
 G = Total turns spent on level
                    A         B        C        D         E        F      G
               +---------+---------+-------+---------+---------+-------+---------
         Total |       0 |     496 |   0.0 |       0 |      83 |   0.0 |  4231
               +---------+---------+-------+---------+---------+-------+---------
           D:1 |       0 |      37 |   0.0 |       0 |      22 |   0.0 |  1449
           D:2 |       0 |      53 |   0.0 |       0 |      17 |   0.0 |   809
           D:3 |       0 |     104 |   0.0 |       0 |      27 |   0.0 |   743
           D:4 |       0 |     235 |   0.0 |       0 |      14 |   0.0 |  1155
           D:5 |       0 |      67 |   0.0 |       0 |       3 |   0.0 |    75
               +---------+---------+-------+---------+---------+-------+---------
